 Dungeon Sprint DCSS version 0.17-a0-1368-g6ab37f2 (webtiles) character file.

46 Kidiri the Magician (level 3, -8/19 HPs)
             Began as a Deep Elf Fire Elementalist on June 11, 2015.
             Was an Initiate of Sif Muna.
             Mangled by a killer bee (9 damage)
             ... in the Dungeon (Sprint IX: "|||||||||||||||||||||||||||||").
             The game lasted 00:03:54 (755 turns).

Kidiri the Magician (Deep Elf Fire Elementalist)     Turns: 755, Time: 00:03:54

Health: -8/19      AC:  5    Str: 11    XL:     3   Next: 46%
Magic:  2/20       EV: 14    Int: 20    God:    Sif Muna [......]
Gold:   0          SH:  0    Dex: 15    Spells: 2 memorised, 9 levels left

rFire  . . .     SeeInvis .     p - +2 scimitar of Precise Incision {pain, MP+9}
rCold  . . .     Clarity  .     j - +0 leather armour
rNeg   . . .     SustAt   .     (no shield)
rPois  .         Gourm    .     r - +0 helmet
rElec  .         Spirit   .     (no cloak)
rCorr  .         Warding  .     (no gloves)
rMut   .         NoTele   +     q - +0 pair of boots
MR     .....                    (no amulet)
Stlth  +++.......               u - +3 ring of strength
                                t - +3 ring of strength

@: very slightly contaminated, not resistant to hostile enchantments, fairly
stealthy
A: no striking features
a: Renounce Religion


You were in the Dungeon.
You worshipped Sif Muna.
Sif Muna was noncommittal.
You were not hungry.

You visited 1 branch

Inventory:

Hand weapons
 k - a +0 club
 p - the +2 scimitar of Precise Incision (weapon) {pain, MP+9}
   (You found it in the Dungeon)

   In the hands of one skilled in necromantic magic, it inflicts extra damage on
   living creatures.
   It affects your magic capacity (+9).
Armour
 j - a +0 leather armour (worn)
 q - a +0 pair of boots (worn)
 r - a +0 helmet (worn)
 s - a +2 ring mail
Jewellery
 t - a +3 ring of strength (left hand)
 u - a +3 ring of strength (right hand)
Magical devices
 o - a wand of fire (7)
Scrolls
 i - 2 scrolls of blinking
 m - 2 scrolls of remove curse
 n - 2 scrolls of amnesia
Potions
 d - 4 potions of curing
 e - 3 potions of heal wounds
 f - a potion of haste
 g - 4 potions of magic
 h - a potion of berserk rage
Books
 b - a book of Flames

   Spells                             Type                      Level
   a - Flame Tongue                   Conjuration/Fire             1
   b - Throw Flame                    Conjuration/Fire             2
   c - Conjure Flame                  Conjuration/Fire             3
   d - Inner Flame                    Hexes/Fire                   3
   e - Sticky Flame                   Conjuration/Fire             4
   f - Fireball                       Conjuration/Fire             5
Comestibles
 c - a bread ration


   Skills:
 + Level 1.0 Long Blades
 * Level 4.8 Dodging
 * Level 4.7 Stealth
 * Level 5.3 Spellcasting
 + Level 2.7 Conjurations
 + Level 4.1 Fire Magic


You had 9 spell levels left.
You knew the following spells:

 Your Spells              Type           Power        Failure   Level  Hunger
a - Flame Tongue          Conj/Fire      ###..        4%          1    None
b - Throw Flame           Conj/Fire      ###...       8%          2    None


Dungeon Overview and Level Annotations

Branches:
Dungeon (1/1)

Altars:
Cheibriados
Dithmenos
Elyvilon
Fedhas
Gozag
Kikubaaqudgha
Makhleb
Nemelex Xobeh
Okawaru
Qazlal
Ru
Sif Muna
Trog
Vehumet
Xom
Yredelemnul
Zin
The Shining One
Beogh
Jiyva
Lugonu


Message History

Your Long Blades skill increases to level 1!
The killer bee misses you.
A sky beast appears from thin air!
Reactivating autopickup.
Casting: Throw Flame
Confirm with . or Enter, or press ? or * to list all spells.
Aiming: Throw Flame
Press: ? - help, Shift-Dir - straight line, f - killer bee
Aim: a killer bee (lightly wounded)
The puff of flame misses the killer bee.
The puff of flame hits the sky beast.
The sky beast is heavily wounded.
The killer bee stings you!
* * * LOW HITPOINT WARNING * * *
The killer bee closely misses you. The killer bee misses you.
Things that are here:
a potion of invisibility; a +0 robe The killer bee stings you but does no damage.
The killer bee stings you!
You die... ▓▓▓▓▓▓▓▓▓▓▓▓▓▓▓▓▓▓▓▓▓▓▓▓▓▓▓ +.....†Y!y@..)|..'_________ ▓▓▓▓▓▓▓▓▓▓▓▓▓▓▓▓▓▓▓▓▓▓▓▓▓▓▓

You could see a sky beast and a killer bee.

Vanquished Creatures
  3 adders (D)
  A shadow imp (D)
  An adder skeleton (D)
  An orc (D)
  A bat (D)
  A bat zombie (D)
  A giant newt (D)
  2 goblins (D)
  2 kobolds (D)
  A rat (D)
14 creatures vanquished.

Notes
Turn   | Place    | Note
--------------------------------------------------------------
     0 | D        | Kidiri the Deep Elf Fire Elementalist began the quest for the Orb.
     0 | D        | Reached XP level 1. HP: 10/10 MP: 6/6
   191 | D        | Reached skill level 4 in Spellcasting
   191 | D        | Reached XP level 2. HP: 13/15 MP: 3/9
   221 | D        | Learned a level 2 spell: Throw Flame
   597 | D        | Found a glowing silver altar of Zin.
   597 | D        | Found a glowing golden altar of the Shining One.
   597 | D        | Found an ancient bone altar of Kikubaaqudgha.
   597 | D        | Found a basalt altar of Yredelemnul.
   597 | D        | Found a shimmering altar of Xom.
   597 | D        | Found a radiant altar of Vehumet.
   598 | D        | Found an iron altar of Okawaru.
   599 | D        | Found a burning altar of Makhleb.
   600 | D        | Found a deep blue altar of Sif Muna.
   601 | D        | Found a bloodstained altar of Trog.
   602 | D        | Found a sparkling altar of Nemelex Xobeh.
   603 | D        | Found a white marble altar of Elyvilon.
   604 | D        | Found a roughly hewn altar of Beogh.
   605 | D        | Found a viscous altar of Jiyva.
   606 | D        | Found a corrupted altar of Lugonu.
   607 | D        | Found a blossoming altar of Fedhas.
   608 | D        | Became a worshipper of Sif Muna the Loreminder
   609 | D        | Found a snail-covered altar of Cheibriados.
   610 | D        | Found a shadowy altar of Dithmenos.
   611 | D        | Found a stormy altar of Qazlal.
   612 | D        | Found an opulent altar of Gozag.
   613 | D        | Found a sacrificial altar of Ru.
   632 | D        | Got the +2 scimitar of Precise Incision {pain, MP+9}
   734 | D        | Noticed a sky beast
   734 | D        | Noticed a killer bee
   739 | D        | Reached XP level 3. HP: 15/19 MP: 11/11
   746 | D        | Reached skill level 5 in Spellcasting
   751 | D        | Reached skill level 1 in Long Blades
   755 | D        | Mangled by a killer bee

Vault maps used:
D:        linesprint

Action                   || total
-------------------------++-------
Melee: Unarmed           ||     2
       Club              ||     5
       Scimitar          ||     1
 Cast: Flame Tongue      ||    26
       Throw Flame       ||     5
  Use: Scroll            ||     1
       Potion            ||     1
